 Dungeon Crawl Stone Soup version 0.15-a0-1081-gb32516e (webtiles) character file.

1822 Quh the Grave Robber (level 9, -4/60 (65) HPs)
             Began as a Human Necromancer on May 28, 2014.
             Was a Believer of Yredelemnul.
             Slain by a necrophage (6 damage)
             ... on Level 7 of the Dungeon.
             The game lasted 00:51:54 (9091 turns).

Quh the Grave Robber (Human Necromancer)            Turns: 9091, Time: 00:51:54

HP  -4/60 (65)   AC  5     Str  9      XL: 9   Next: 32%
MP  15/21        EV 11     Int 19      God: Yredelemnul [**....]
Gold 321         SH  0     Dex 13      Spells:  6 memorised,  2 levels left

rFire  + . .     SeeInvis .     x - +2 dagger (venom)
rCold  . . .     Clarity  .     z - +0 leather armour
rNeg   + . .     Conserve .     (no shield)
rPois  .         rCorr    .     (no helmet)
rElec  .         rRot     .     J - +0 cloak
SustAb .         Spirit   .     P - +0 pair of gloves
rMut   .         Warding  .     (no boots)
Gourm  .         Stasis   .     (no amulet)
MR     .....                    Y - ring of positive energy
                                S - ring of protection from fire

@: rotting, not resistant to hostile enchantments, unstealthy
A: no striking features
a: Animate Remains, Recall Undead Slaves, Injury Mirror, Renounce Religion


You were on level 7 of the Dungeon.
You worshipped Yredelemnul.
Yredelemnul was pleased with you.
You were near starving.

You visited 2 branches of the dungeon, and saw 8 of its levels.

You collected 321 gold pieces.

Inventory:

Hand weapons
 a - a +0,+0 hand axe
 h - a +0,+0 shortbow
 w - a +1,+4 vampiric scimitar
 x - a +2,+2 dagger of venom (weapon)
 K - a +0,+0 shortbow
Missiles
 F - 64 arrows
 R - 11 arrows of flame
Armour
 u - a +0 robe
 z - a +0 leather armour (worn)
 J - a +0 cloak (worn)
 P - a +0 pair of gloves (worn)
Magical devices
 c - a wand of slowing (3)
 y - a wand of slowing (8)
 B - a wand of confusion (16) {unknown}
 W - a wand of confusion (8) {unknown}
Comestibles
 d - 2 chunks of orc flesh
 A - 3 royal jellies
 D - 16 fruits
 E - 3 beef jerkies
 H - 2 slices of pizza
 O - 2 bread rations
Scrolls
 f - 3 scrolls of amnesia
 g - a scroll of enchant weapon I {unknown}
 i - a scroll of teleportation {unknown}
 k - 3 scrolls of enchant weapon II
 m - 5 scrolls of identify
 o - a scroll of random uselessness {unknown}
 s - a scroll of fear
 t - 2 scrolls of remove curse {unknown}
 I - a scroll of magic mapping {unknown}
 L - a scroll of immolation {unknown}
Jewellery
 S - a ring of protection from fire (left hand)
 U - an uncursed ring of protection from cold
 Y - a ring of positive energy (right hand)
Potions
 e - 2 potions of curing
 j - 2 potions of resistance {unknown}
 l - a potion of paralysis {unknown}
 n - a potion of confusion {unknown}
 p - 2 potions of flight {unknown}
 v - a potion of brilliance {unknown}
 N - a potion of heal wounds {unknown}
 Q - a potion of restore abilities {unknown}
 Z - a potion of cure mutation {unknown}
Books
 b - a book of Necromancy

   Spells                             Type                      Level
   *Pain                              Necromancy                   1
   *Animate Skeleton                  Necromancy                   1
   *Vampiric Draining                 Necromancy                   3
   *Regeneration                      Charms/Necromancy            3
   *Animate Dead                      Necromancy                   4
   *Control Undead                    Necromancy                   4
Magical staves
 T - an uncursed staff of poison {unknown}


   Skills:
 + Level 4.2 Fighting
 + Level 4.0 Armour
 - Level 2.0 Dodging
 - Level 4.0 Stealth
 * Level 5.3 Spellcasting
 + Level 6.9 Necromancy
 + Level 3.7 Invocations
 + Level 2.7 Evocations


You had 2 spell levels left.
You knew the following spells:

 Your Spells              Type           Power        Failure   Level  Hunger
a - Pain                  Necr           ####         1%          1    None
b - Animate Skeleton      Necr           N/A          1%          1    None
c - Vampiric Draining     Necr           ####......   1%          3    ##.....
d - Animate Dead          Necr           N/A          10%         4    ####...
e - Control Undead        Necr           ####......   10%         4    ####...
f - Regeneration          Chrm/Necr      ###.......   12%         3    ##.....


Dungeon Overview and Level Annotations

Branches:
Dungeon (7/15)             Temple (1/1) D:7

Altars:
Ashenzari
Cheibriados
Fedhas
Kikubaaqudgha
Nemelex Xobeh
Okawaru
Qazlal
Sif Muna
Trog
Vehumet
Xom
Yredelemnul
Zin
The Shining One
Lugonu


Message History

You hit the necrophage but do no damage.
The necrophage is almost destroyed.
The necrophage hits you.
* * * LOW HITPOINT WARNING * * *
You feel your flesh start to rot away! x2
Your orc skeleton barely misses the necrophage.
Unknown command.
You hit the necrophage.
The necrophage is almost destroyed.
The necrophage hits you.
* * * LOW HITPOINT WARNING * * *
Your orc skeleton hits the necrophage but does no damage.
Casting: Regeneration
Confirm with . or Enter, or press ? or * to list all spells.
You can't see any susceptible monsters within range! (Use Z to cast anyway.)
You hit the necrophage.
The necrophage is almost destroyed.
The necrophage hits you.
You die...
Your body rises from the dead as a mindless zombie.

#...........%...#......ยง......#
####.....######.'......Z......#
####### ###.............#
#######'####### #..))#
###%######### ###...........###
#######..Z.)...........
#.....@n#...........##.
....#######...........#
#...........# . #..........(# #
#........)..# #...........#
#############


You could see a necrophage and a friendly orc skeleton.

Vanquished Creatures
  A hippogriff (D:7)
  A water moccasin (D:5)
  An orc warrior (D:2)
  Purgy (D:4)
  2 centaurs
  Duvessa (D:4)
  A giant frog (D:6)
  A crimson imp (D:6)
  Dowan (D:4)
  A jelly (D:6)
  An orc priest (D:3)
  3 worker ants (D:5)
  An orc wizard (D:6)
  2 hounds
  An iguana (D:6)
  16 adders
  A gnoll (D:2)
  2 giant mites
  3 worms
  4 giant geckos
  2 oozes (D:6)
  21 orcs
  18 bats
  16 hobgoblins
  12 jackals
  3 quokkas
  2 ball pythons
  5 giant cockroaches
  5 giant newts
  21 goblins
  9 kobolds
  15 rats
  A spectral orc (D:3)
175 creatures vanquished.

Vanquished Creatures (collateral kills)
  Grinder (D:4)
  A sky beast (D:5)
  An ogre (D:5)
  3 scorpions
  A crimson imp (D:7)
  A worker ant (D:5)
  An adder (D:4)
  A goliath beetle zombie (D:5)
  A worm (D:2)
  A giant gecko (D:1)
  2 orcs
  4 bats
  A bat skeleton (D:6)
  A giant cockroach (D:1)
  2 goblins
  2 jackals (D:2)
  A quokka (D:3)
  A giant newt (D:1)
  A gnoll zombie (D:5)
  A rat (D:2)
28 creatures vanquished.

Vanquished Creatures (others)
  A centaur skeleton (D:5)
  2 elf skeletons (D:4)
  6 adder skeletons
  3 bat skeletons (D:2)
  A ball python skeleton (D:2)
  A giant gecko skeleton (D:2)
  A giant newt skeleton (D:2)
  A gnoll skeleton (D:2)
  7 goblin skeletons
  3 hobgoblin skeletons
  5 jackal skeletons
  4 kobold skeletons
  6 orc skeletons
  A rat skeleton (D:2)
42 creatures vanquished.

Grand Total: 245 creatures vanquished

Notes
Turn   | Place    | Note
--------------------------------------------------------------
     0 | D:1      | Quh, the Human Necromancer, began the quest for the Orb.
     0 | D:1      | Reached XP level 1. HP: 13/13 MP: 3/3
    12 | D:1      | Learned a level 1 spell: Animate Skeleton
   246 | D:1      | Reached XP level 2. HP: 18/20 MP: 2/4
   410 | D:1      | Reached skill level 1 in Fighting
   871 | D:1      | Reached XP level 3. HP: 23/26 MP: 3/6
   960 | D:1      | Found a glowing golden altar of the Shining One.
  1720 | D:2      | Learned a level 3 spell: Vampiric Draining
  1758 | D:2      | Reached XP level 4. HP: 30/32 MP: 4/7
  2263 | D:2      | Reached skill level 5 in Necromancy
  2679 | D:2      | Reached XP level 5. HP: 26/38 MP: 0/9
  2791 | D:2      | Reached skill level 1 in Armour
  2799 | D:2      | Found a blossoming altar of Fedhas.
  2819 | D:2      | Found a snail-covered altar of Cheibriados.
  2958 | D:2      | Found an iron altar of Okawaru.
  3452 | D:2      | Noticed an orc warrior
  3470 | D:2      | Killed an orc warrior
  3470 | D:2      | Reached XP level 6. HP: 21/46 MP: 1/11
  3904 | D:3      | Found a basalt altar of Yredelemnul.
  3911 | D:3      | Became a worshipper of Yredelemnul the Dark
  4395 | D:4      | Noticed Duvessa
  4832 | D:4      | Killed Duvessa
  4832 | D:4      | Reached skill level 1 in Invocations
  4832 | D:4      | Reached XP level 7. HP: 32/51 MP: 3/14
  4835 | D:4      | Noticed Dowan
  4915 | D:4      | Your ally Duvessa died
  4916 | D:4      | Killed Dowan
  5000 | D:4      | Acquired Yredelemnul's first power
  5090 | D:4      | Reached skill level 6 in Necromancy
  5388 | D:4      | Noticed Grinder
  5427 | D:4      | Killed Grinder
  5660 | D:4      | Noticed Purgy
  5678 | D:4      | Your ally Dowan died
  5679 | D:4      | Killed Purgy
  5679 | D:4      | Reached XP level 8. HP: 30/58 MP: 10/16
  5997 | D:5      | Entered Level 5 of the Dungeon
  6426 | D:5      | Learned a level 4 spell: Animate Dead
  6431 | D:5      | Learned a level 4 spell: Control Undead
  6448 | D:5      | Reached skill level 1 in Evocations
  6530 | D:5      | Found a sparkling altar of Nemelex Xobeh.
  6636 | D:5      | Acquired Yredelemnul's second power
  7601 | D:6      | Reached XP level 9. HP: 62/65 MP: 15/20
  8466 | D:6      | Reached skill level 5 in Spellcasting
  8619 | D:6      | Learned a level 3 spell: Regeneration
  8674 | D:7      | Found a staircase to the Ecumenical Temple.
  8740 | Temple   | Entered the Ecumenical Temple
  9088 | D:7      | HP: 2/60 [necrophage (5)]
  9091 | D:7      | Slain by a necrophage

Action                   |  1- 3 |  4- 6 |  7- 9 || total
-------------------------+-------+-------+-------++-------
Melee: Dagger            |    42 |    62 |   217 ||   321
       Unarmed           |     2 |       |       ||     2
       Glaive            |       |    22 |    19 ||    41
 Cast: Pain              |    47 |    91 |   168 ||   306
       Animate Skeleton  |    10 |    18 |    38 ||    66
       Vampiric Draining |       |    12 |    15 ||    27
       Animate Dead      |       |       |     1 ||     1
       Control Undead    |       |       |     2 ||     2
       Regeneration      |       |       |     2 ||     2
Invok: Animate Remains   |       |       |     1 ||     1
  Use: Scroll            |       |       |     4 ||     4
 Stab: Distracted        |     2 |       |     2 ||     4
